Map: Jagannatha LE

Players

ViBE - Winner!

  • Race: Protoss Protoss
  • League: Diamond

PROTOSS

  • Race: Protoss Protoss
  • League: Diamond

VOD

Have the link to the VOD?

Description

Time

  • Played on: April 12, 2021, 1:36 a.m.
  • Length: 12:18
Show
View Real Time Build Order
Export as new Build Order

ViBE Protoss - Winner!

Build Orders:  

Get SALT Encoding   

  12  0:00  Probe  
  13  0:13  Probe  
  14  0:18  Pylon  
  14  0:25  Probe  
  15  0:38  Gateway  
  15  0:42  Probe (Chrono Boost)  
  16  0:45  Assimilator  
  16  0:54  Probe (Chrono Boost)  
  17  1:03  Probe  
  18  1:12  Assimilator  
  18  1:15  Probe (Chrono Boost)  
  19  1:18  Gateway  
  19  1:25  Cybernetics Core  
  20  1:27  Probe (Chrono Boost)  
  20  1:32  Probe (Chrono Boost)  
  20  1:39  Pylon  
  21  1:42  Probe  
  23  1:54  Probe  
  23  2:02  Warp Gate  
  23  2:09  Stalker  
  23  2:10  Stalker  
  27  2:20  Probe  
  28  2:42  Nexus  
  28  2:46  Pylon  
  28  2:48  Stalker  
  30  2:56  Probe  
  31  3:04  Stalker  
  33  3:08  Probe (Chrono Boost)  
  34  3:19  Probe (Chrono Boost)  
  35  3:24  Probe (Chrono Boost)  
  35  3:26  Pylon  
  36  3:36  Probe (Chrono Boost)  
  39  3:42  Twilight Council  
  39  3:46  Probe (Chrono Boost)  
  38  3:52  Stalker x2  
  38  3:53  Probe (Chrono Boost)  
  43  3:56  Probe (Chrono Boost)  
  44  4:05  Probe (Chrono Boost)  
  44  4:07  Probe (Chrono Boost)  
  46  4:10  Probe (Chrono Boost)  
  46  4:15  Blink (Chrono Boost)  
  48  4:17  Probe (Chrono Boost)  
  48  4:22  Probe (Chrono Boost)  
  49  4:26  Nexus  
  49  4:32  Probe (Chrono Boost)  
  49  4:33  Probe (Chrono Boost)  
  49  4:36  Stalker  
  49  4:37  Stalker  
  55  4:39  Probe  
  55  4:44  Probe  
  57  4:48  Pylon  
  57  4:51  Probe  
  57  4:52  Pylon  
  58  4:59  Forge  
  58  5:02  Gateway  
  58  5:04  Gateway  
  58  5:07  Probe x2  
  58  5:12  Stalker  
  62  5:16  Stalker  
  62  5:19  Probe x2  
  66  5:27  Protoss Ground Weapons Level 1 (Chrono Boost)  
  66  5:31  Probe x2  
  68  5:43  Probe x2  
  68  5:47  Robotics Facility  
  68  5:49  Probe  
  71  5:51  Stalker x2  
  71  5:52  Charge (Chrono Boost)  
  71  5:55  Probe x2  
  77  6:00  Stalker x2  
  77  6:01  Probe  
  82  6:08  Probe x2  
  84  6:13  Probe  
  84  6:15  Nexus  
  85  6:19  Pylon  
  85  6:20  Probe x2  
  85  6:22  Pylon  
  85  6:23  Pylon  
  85  6:25  Probe  
  88  6:27  Pylon  
  87  6:37  Pylon  
  87  6:42  Zealot x4  
  87  6:44  Gateway  
  87  6:45  Gateway  
  87  6:47  Gateway  
  95  6:48  Gateway  
  95  6:50  Observer  
  95  6:53  Gateway  
  96  6:56  Gateway  
  96  7:00  Probe  
  96  7:01  Probe x2  
  99  7:08  Zealot x4  
  107  7:12  Observer  
  108  7:18  Probe x3  
  111  7:24  Protoss Ground Weapons Level 2 (Chrono Boost)  
  111  7:26  Pylon  
  111  7:31  Zealot x4  
  111  7:32  Pylon  
  120  7:37  Observer  
  120  7:41  Zealot x3  
  124  8:04  Stalker x2  
  124  8:05  Stalker x6  
  140  8:08  Probe  
  140  8:09  Probe x2  
  143  8:13  Nexus  
  137  8:21  Probe x3  
  140  8:40  Probe x3  
  143  8:43  Zealot x3  
  143  8:45  Nexus  
  143  8:47  Pylon  
  134  9:00  Probe  
  134  9:01  Probe  
  123  9:14  Zealot x5  
  123  9:15  Zealot x5  
  139  9:18  Probe x2  
  141  9:30  Probe x3, Nexus  
  144  9:42  Probe x2  
  146  9:47  Probe  
  147  9:54  Probe x2  
  147  9:59  Probe  
  150  10:00  Pylon  
  150  10:01  Zealot x8  
  150  10:03  Pylon  
  166  10:08  Stalker x2  
  166  10:11  Probe  
  166  10:12  Probe  
  172  10:28  Pylon  
  172  10:30  Pylon  
  172  10:32  Pylon  
  172  10:35  Probe x3  
  174  10:36  Probe  
  174  10:41  Stalker  
  174  10:42  Stalker x7  
  192  10:44  Stalker  
  192  10:46  Stalker  
  192  10:48  Probe x2  
  192  10:49  Probe  
  200  10:50  Probe  
  184  11:31  Zealot x5  
  184  11:32  Zealot x5  
  186  11:38  Gateway  
  184  11:40  Gateway  
  184  11:42  Gateway  
  184  11:46  Gateway  
  184  11:51  Gateway  
  184  11:54  Gateway  
  184  11:55  Zealot x8  
  184  11:56  Gateway  
Show
View Real Time Build Order
Export as new Build Order

PROTOSS Protoss 

Build Orders:  

Get SALT Encoding   

  12  0:00  Probe  
  13  0:12  Probe  
  14  0:24  Probe  
  15  0:29  Pylon  
  15  0:43  Assimilator  
  15  0:47  Probe  
  16  0:52  Gateway  
  16  0:59  Probe (Chrono Boost)  
  16  1:01  Assimilator  
  18  1:11  Probe (Chrono Boost)  
  18  1:19  Probe (Chrono Boost)  
  18  1:21  Pylon  
  19  1:25  Probe  
  20  1:38  Probe  
  21  1:46  Cybernetics Core  
  21  1:50  Probe  
  22  2:02  Probe  
  23  2:08  Nexus  
  23  2:12  Pylon  
  23  2:18  Probe  
  24  2:25  Warp Gate (Chrono Boost), Stalker  
  26  2:30  Probe  
  26  2:37  Shield Battery  
  26  2:53  Shield Battery  
  26  2:55  Pylon  
  26  2:58  Stalker  
  26  3:04  Probe  
  29  3:11  Gateway  
  29  3:21  Probe (Chrono Boost)  
  30  3:30  Stargate  
  30  3:31  Probe (Chrono Boost)  
  31  3:37  Probe (Chrono Boost)  
  31  3:40  Probe (Chrono Boost)  
  33  3:47  Probe (Chrono Boost)  
  35  3:50  Probe (Chrono Boost)  
  35  3:52  Probe (Chrono Boost)  
  35  3:54  Assimilator  
  36  3:57  Assimilator  
  36  3:59  Probe  
  37  4:04  Void Ray (Chrono Boost), Probe  
  42  4:18  Stalker x2  
  42  4:22  Pylon  
  46  4:28  Probe x2  
  46  4:29  Pylon  
  48  4:32  Void Ray (Chrono Boost)  
  48  4:40  Probe x2  
  55  4:52  Probe  
  55  4:53  Probe  
  56  5:00  Void Ray (Chrono Boost)  
  60  5:24  Stargate  
  60  5:26  Pylon x2  
  60  5:31  Void Ray (Chrono Boost)  
  60  5:34  Probe  
  61  5:38  Pylon  
  61  5:40  Pylon  
  65  5:46  Probe  
  65  5:48  Zealot  
  65  5:49  Zealot  
  70  5:58  Probe  
  70  5:59  Void Ray (Chrono Boost)  
  71  6:07  Forge  
  71  6:10  Probe  
  76  6:14  Void Ray (Chrono Boost)  
  80  6:18  Zealot x2  
  80  6:22  Probe  
  85  6:27  Gateway  
  85  6:29  Gateway  
  85  6:33  Gateway  
  85  6:35  Void Ray (Chrono Boost)  
  89  6:42  Void Ray (Chrono Boost)  
  89  6:53  Protoss Air Weapons Level 1 (Chrono Boost), Photon Cannon  
  93  7:10  Void Ray (Chrono Boost), Protoss Shields Level 1  
  93  7:12  Void Ray (Chrono Boost)  
  101  7:30  Zealot x4  
  101  7:35  Pylon  
  109  7:38  Pylon  
  109  7:40  Pylon  
  109  7:49  Twilight Council  
  109  7:53  Pylon  
  109  7:56  Pylon  
  105  8:02  Pylon  
  97  8:10  Zealot x2  
  97  8:12  Zealot x3  
  107  8:18  Void Ray x2  
  107  8:24  Charge (Chrono Boost)  
  115  8:31  Zealot  
  115  8:32  Zealot x4  
  85  9:12  Void Ray x2 (Chrono Boost)  
  85  9:14  Zealot x5  
  79  9:28  Gateway  
  79  9:31  Gateway  
  79  9:35  Zealot x4  
  79  9:36  Zealot  
  79  9:37  Gateway  
  89  9:58  Pylon  
  89  10:01  Stalker x2  
  89  10:02  Stalker x3  
  99  10:18  Nexus  
  99  10:32  Pylon  
  99  10:38  Probe  
  99  10:42  Probe  
  101  10:50  Probe  
  101  10:54  Pylon, Probe  
  103  11:01  Assimilator  
  103  11:02  Probe  
  104  11:06  Probe, Assimilator  
  104  11:10  Shield Battery, Photon Cannon  
  105  11:14  Probe  
  105  11:16  Pylon  
  105  11:18  Probe  
  70  11:26  Probe  
  70  11:27  Zealot x3  
  70  11:28  Zealot x4  
  70  11:29  Zealot  
  70  11:30  Probe  
Tags
 
Add a new tag
Caveats
  • Supply blocks, unpowered buildings, or Contaminate may cause inaccurate times.
  • Supply counts are checked every 10 seconds.